 Dungeon Crawl Stone Soup version 0.20.1-1-g8b1a95d (webtiles) character file.

109 Lennu the Skirmisher (level 4, -10/40 HPs)
             Began as a Draconian Fighter on July 12, 2017.
             Killed by divine providence
             ... invoked by an orc priest
              (14 damage)
             ... on level 3 of the Dungeon.
             The game lasted 00:04:35 (2124 turns).

Lennu the Skirmisher (Draconian Fighter)            Turns: 2124, Time: 00:04:36

Health: -10/40     AC:  5    Str: 24    XL:     4   Next: 60%
Magic:  4/4        EV: 11    Int:  8    God:
Gold:   105        SH:  9    Dex: 11    Spells: 3/3 levels left

rFire    . . .     SeeInvis .   a - +0 long sword
rCold    + . .     Gourm    .   b - +0 shield
rNeg     . . .     Faith    .   (armour unavailable)
rPois    .         Spirit   .   (helmet restricted)
rElec    .         Reflect  .   (no cloak)
rCorr    .         Harm     .   (no gloves)
MR       .....                  (no boots)
Stlth    +.........             (no amulet)
Regen    0.2/turn               h - ring of protection from cold
MPRegen  0.1/turn               (no ring)

@: mighty
A: unfitting armour, cold-blooded, AC +5
a: no special abilities


You were on level 3 of the Dungeon.
You were not hungry.

You visited 1 branch of the dungeon, and saw 3 of its levels.

You collected 105 gold pieces.

Inventory:

Hand Weapons
 a - a +0 long sword (weapon)
Armour
 b - a +0 shield (worn)
Jewellery
 h - a ring of protection from cold (left hand)
Wands
 p - a wand of acid (7/15)
Scrolls
 e - 2 scrolls of identify
 k - 2 scrolls of remove curse
 m - a scroll of enchant weapon
 n - a scroll of amnesia {unknown}
 o - a scroll of fear {unknown}
Potions
 l - a potion of brilliance
Comestibles
 d - 2 bread rations
 f - a royal jelly
 g - a fruit
 i - 3 chunks of flesh
 j - 2 meat rations


   Skills:
 * Level 3.9 Fighting
 * Level 2.7 Long Blades
 * Level 3.3 Dodging
 * Level 1.1 Stealth
 * Level 3.7 Shields


You had 3 spell levels left.
You didn't know any spells.

Dungeon Overview and Level Annotations

Branches:
Dungeon (3/15)

Altars:
Qazlal
Sif Muna


Innate Abilities, Weirdness & Mutations

Your plain brown scales are hard. (AC +5)
You cannot fit into any form of body armour.
You are cold-blooded and may be slowed by cold attacks.


Message History

The worm is lightly wounded.
You barely miss the worm.
The worm is lightly wounded.
The orc priest calls down the wrath of Beogh upon you.
You barely resist. The worm closely misses you.
You hit the orc priest but do no damage.
The orc priest hits you with a club. The worm bites you.
* * * LOW HITPOINT WARNING * * *
The orc priest invokes the aid of Beogh against you.
Beogh smites you!
* * * LOW HITPOINT WARNING * * *
You are too injured to fight recklessly!
You feel very mighty all of a sudden.
The orc priest hits you but does no damage.
You barely miss the orc priest. You tail-slap the orc priest.
The orc priest is moderately wounded.
The worm closely misses you.
The orc priest invokes the aid of Beogh against you.
Beogh smites you!
You die...

#### ### ..# #[. ### #.#
#.#
.....#####.###########.#
#..w@........##......
#..o##..####.##.###.#
.......##.#####.#...##.#
####.................#.#
##.###.#####.#...##.# #(
#.# ###)##..##.# #. #.#
#...รท....... #. #.#
#.#)#......#
#.#.#.#.####


You could see a worm and an orc priest.

Vanquished Creatures
  Terence (D:2)
  2 adders
  An ooze (D:2)
  2 worms (D:3)
  2 dart slugs (D:1)
  3 orcs (D:3)
  4 bats
  A giant cockroach (D:2)
  5 hobgoblins
  5 jackals (D:2)
  6 kobolds
  2 quokkas (D:2)
  4 frilled lizards
  4 goblins
  6 rats
48 creatures vanquished.

Notes
Turn   | Place    | Note
-------+----------+-------------------------------------------
     0 | D:1      | Lennu the Draconian Fighter began the quest for the Orb.
     0 | D:1      | Reached XP level 1. HP: 19/19 MP: 1/1
   272 | D:1      | Reached XP level 2. HP: 25/26 MP: 2/2
   808 | D:2      | Reached XP level 3. HP: 21/31 MP: 3/3
  1019 | D:2      | Noticed Terence
  1031 | D:2      | Killed Terence
  1324 | D:2      | Reached XP level 4. HP: 39/40 MP: 4/4
  1669 | D:3      | Found a deep blue altar of Sif Muna.
  1671 | D:3      | Found a stormy altar of Qazlal.
  1761 | D:3      | Reached skill level 1 in Stealth
  2124 | D:3      | Killed from afar by an orc priest

Skill      XL: |  1  2  3  4 |
---------------+-------------+-----
Dodging        | 3 |  3.3
Stealth        | 1 |  1.1
Fighting       | |  3.9
Long Blades    | |  2.7
Shields        | |  3.7

Action                   |  1- 3 |  4- 6 || total
-------------------------+-------+-------++-------
Melee: Long sword        |    69 |    62 ||   131
       Tailslap          |    10 |     6 ||    16
  Use: Scroll            |     4 |     1 ||     5
       Potion            |       |     1 ||     1
 Stab: Sleeping          |     1 |     1 ||     2
  Eat: Chunk             |     1 |     3 ||     4
Armor: Skin              |    18 |     9 ||    27
Dodge: Dodged            |    40 |    23 ||    63
Block: Shield            |    35 |    29 ||    64
       Rpst.: Long sword |    14 |     8 ||    22
